 Dungeon Crawl Stone Soup version 0.28.0 (webtiles) character file.

Game seed: 10446479321661073163

56 HallandMoats the Ruffian (level 3, -6/33 HPs)
             Began as a Ghoul Monk on Feb 12, 2022.
             Was a Plaything of Xom.
             Killed from afar by Sigmund (12 damage)
             ... with a magic dart
             ... on level 2 of the Dungeon.
             The game lasted 00:01:40 (1552 turns).

HallandMoats the Ruffian (Ghoul Monk)               Turns: 1552, Time: 00:01:40

Health: -6/33      AC: 10    Str: 16    XL:     3   Next: 97%
Magic:  2/2        EV:  5    Int:  5    God:    Xom [....*.]
Gold:   23         SH:  0    Dex: 11    Spells: 2/2 levels left

rFire   . . .      SeeInvis .     - Unarmed
rCold   + . .      Faith    .   (no shield)
rNeg    + + +      Spirit   .   g - +0 plate armour
rPois   ∞          Reflect  .   (no helmet)
rElec   .          Harm     .   (no cloak)
rCorr   .          Rampage  .   (no gloves)
Will    .....                   (no boots)
Stlth   ..........              (no amulet)
HPRegen 0.00/turn               (no ring)
MPRegen 0.08/turn               (no ring)

@: inhibited regen
A: claws 1, cold resistance 1, negative energy resistance 3, inhibited
regeneration, torment resistance 2
a: Renounce Religion


You were on level 2 of the Dungeon.
You worshipped Xom.
You were a beloved toy of Xom.
You visited 1 branch of the dungeon, and saw 2 of its levels.

You collected 23 gold pieces.

Inventory:

Armour
 g - a +0 plate armour (worn)
Scrolls
 b - a scroll of enchant armour {unknown}
 c - 2 scrolls of teleportation {unknown}
 h - a scroll of holy word {unknown}
Potions
 a - a potion of lignification {unknown}
 d - a potion of brilliance {unknown}
 e - a potion of mutation {unknown}
 f - a potion of heal wounds {unknown}


   Skills:
 * Level 4.0 Fighting
 + Level 0.8 Armour
 + Level 2.9 Dodging
 - Level 2.1 Stealth
 * Level 4.0 Unarmed Combat
 + Level 1.1 Invocations


You had 2 spell levels left.
You didn't know any spells.
Your spell library contained the following spells:

 Spells                   Type           Power      Damage    Failure   Level
 Ensorcelled Hibernation  Hex/Ice        0%         N/A       100%        2
 Anguish                  Hex/Necr       0%         N/A       100%        4
 Petrify                  Tmut/Erth      0%         N/A       100%        4
 Irradiate                Conj/Tmut      0%         3d14      100%        5
 Sublimation of Blood     Necr           Unusable   N/A       N/A         2
 Spider Form              Tmut/Pois      Unusable   N/A       N/A         3

Dungeon Overview and Level Annotations

Branches:
Dungeon (2/15)

Altars:
Xom

Shops:
D:2 (

Annotations:
D:2 Sigmund


Innate Abilities, Weirdness & Mutations

You thrive by killing the living.
You are immune to poison.
You have sharp fingernails.
Your flesh is cold resistant. (rC+)
You are immune to negative energy. (rN+++)
You do not regenerate when monsters are visible.
You are immune to unholy pain and torment.


Message History

No target in view!
No target in view!
HP restored.
Sigmund the Dreaded comes into view.
He is wielding a +0 scythe.
Sigmund shouts!
Sigmund is nearby!
Sigmund is nearby!
Sigmund is nearby!
Found a scroll labelled NUINAIVIEV.
Sigmund mumbles some strange words.
Sigmund flickers and vanishes!
Deactivating autopickup; reactivate with Ctrl-A.
Something hits you.
A worm comes into view.
You see here a ring of poison resistance.
You closely miss something.
You hear some strange, mumbled words.
You are confused.
You're too confused to attack without stumbling around!
You're too confused to attack without stumbling around!
You're too confused to attack without stumbling around!
You're too confused to attack without stumbling around!
You're too confused to attack without stumbling around!
You're too confused to attack without stumbling around!
You're too confused to move!
Something hits you.
You claw something! Something hits you!
You miss something. You closely miss something. Your claw misses something.
Something hits you.
You miss something. Something hits you but does no damage.
You see here a ring of poison resistance.
You're too confused to move!
You feel less confused. Something hits you.
A puff of flame appears from out of thin air!
The puff of flame hits you.
* * * LOW HITPOINT WARNING * * *
A magic dart appears from out of thin air!
The magic dart hits you!
You die...

#. #?.. #...# ####
######...# ....
####........+ ...
#..#.#..#...###.#
#.@#.#..........#
#....##.###..=.##
#.......###..w.#
#.#....{..#....#
#.####....#....####
#......>..w.......+
######.)..#########
#....# #....#


There were no monsters in sight!

Vanquished Creatures
  A worm (D:2)
  2 bats (D:1)
  3 endoplasms (D:1)
  4 goblins (D:1)
  3 hobgoblins
  3 jackals (D:1)
  A quokka (D:1)
  2 ball pythons
  2 frilled lizards
  2 kobolds
  8 rats
31 creatures vanquished.

Vanquished Creatures (others)
  An iguana (D:2)
1 creature vanquished.

Grand Total: 32 creatures vanquished

Notes
Turn   | Place    | Note
-------+----------+-------------------------------------------
     0 | D:1      | HallandMoats the Ghoul Monk began the quest for the Orb.
     0 | D:1      | Reached XP level 1. HP: 19/19 MP: 0/0
   126 | D:1      | Found a faded altar of an unknown god.
   141 | D:1      | Reached XP level 2. HP: 8/26 MP: 1/1
   366 | D:1      | Prayed at the altar of an unknown god.
   366 | D:1      | Became a worshipper of Xom the Less-Predictable
   475 | D:1      | XOM: cloud trail
   596 | D:1      | XOM: silly message
   708 | D:1      | XOM: 6-stop teleportation journey
   756 | D:1      | Reached XP level 3. HP: 26/33 MP: 2/2
   788 | D:1      | XOM: noise
  1162 | D:1      | XOM: cloud trail
  1163 | D:1      | XOM: 5-stop teleportation journey
  1217 | D:2      | XOM: divine lightning
  1431 | D:2      | XOM: confuse monster(s)
  1441 | D:2      | Reached skill level 1 in Invocations
  1443 | D:2      | Found Eduer's Weapon Emporium.
  1527 | D:2      | Noticed Sigmund
  1552 | D:2      | Killed from afar by Sigmund

Illustrated notes

Levels and vault maps discovered:
D:1:      dpeg_arrival_ratfight, layout_basic,
          hellmonk_ecumenical_altar_pennies_from_heaven, minmay_circled_x
D:2:      layout_basic, serial_shops, nicolae_shop_bloodbath_and_beyond,
          minmay_pentomino_pile, uniq_sigmund

Skill      XL: |  1  2  3 |
---------------+----------+-----
Unarmed Combat | 4 |  4.0
Invocations    | 1 |  1.1
Fighting       | 4 |  4.0
Armour         | |  0.8
Dodging        | |  2.9
Stealth        | |  2.1

Action                   || total
-------------------------++-------
Melee: Unarmed           ||   117
       Punch             ||     1
 Stab: Confused          ||     1
Armor: Robe              ||     5
       Plate armour      ||    49
Dodge: Dodged            ||    34
